Map: Ascension to Aiur LE

Players

NightEnD - Winner!

  • Race: Protoss Protoss
  • Spawn Location: 5:00

ShoWTimE

  • Race: Protoss Protoss
  • Spawn Location: 11:00

Event: WCS Jonkoping 2017

VOD

Have the link to the VOD?

Description

Time

  • Played on: June 17, 2017, 11:14 a.m.
  • Length: 7:13

All games in this series

Show
View Real Time Build Order
Export as new Build Order

NightEnD Protoss - Winner!

Build Orders:  

Get SALT Encoding   

  12  0:01  Probe (Chrono Boost)  
  13  0:11  Probe (Chrono Boost)  
  14  0:18  Pylon  
  14  0:22  Probe (Chrono Boost)  
  15  0:36  Probe (Chrono Boost)  
  15  0:37  Gateway  
  16  0:43  Assimilator  
  16  0:46  Probe (Chrono Boost)  
  17  0:51  Assimilator  
  17  0:57  Probe (Chrono Boost)  
  18  1:08  Probe (Chrono Boost)  
  19  1:14  Gateway  
  19  1:18  Probe (Chrono Boost)  
  20  1:25  Cybernetics Core  
  20  1:29  Probe (Chrono Boost)  
  21  1:39  Probe (Chrono Boost)  
  22  1:41  Pylon  
  22  1:50  Probe (Chrono Boost)  
  23  2:01  Warp Gate (Chrono Boost)  
  23  2:02  Stalker  
  23  2:04  Stalker  
  27  2:12  Mothership Core  
  29  2:27  Pylon  
  29  2:33  Stalker  
  31  2:45  Stalker  
  31  2:47  Gateway  
  33  2:56  Stargate  
  27  3:05  Stalker  
  35  3:17  Stalker  
  37  3:23  Pylon  
  37  3:32  Pylon  
  37  3:45  Void Ray (Chrono Boost)  
  41  4:03  Stalker x2  
  41  4:05  Stalker  
  43  4:29  Zealot x2  
  47  4:34  Void Ray (Chrono Boost)  
  51  4:44  Pylon  
  51  4:54  Adept x2  
  55  5:03  Adept  
  57  5:15  Stalker  
  57  5:16  Stalker  
  61  5:28  Pylon  
  61  5:47  Void Ray (Chrono Boost)  
  65  5:51  Adept x2  
  69  5:58  Adept  
  71  6:21  Adept  
  69  6:34  Void Ray (Chrono Boost)  
  69  6:39  Adept x2  
  65  6:45  Adept  
  61  7:01  Adept x2  
  61  7:07  Stalker  
Show
View Real Time Build Order
Export as new Build Order

ShoWTimE Protoss 

Build Orders:  

Get SALT Encoding   

  12  0:00  Probe (Chrono Boost)  
  13  0:11  Probe (Chrono Boost)  
  14  0:17  Pylon  
  14  0:22  Probe (Chrono Boost)  
  15  0:35  Probe (Chrono Boost)  
  16  0:36  Gateway  
  16  0:41  Assimilator  
  16  0:46  Probe (Chrono Boost)  
  17  0:50  Assimilator  
  17  0:56  Probe (Chrono Boost)  
  18  1:07  Probe (Chrono Boost)  
  18  1:08  Gateway  
  19  1:17  Probe (Chrono Boost)  
  20  1:23  Cybernetics Core  
  20  1:28  Probe (Chrono Boost)  
  20  1:31  Pylon  
  21  1:38  Probe (Chrono Boost)  
  22  1:49  Probe (Chrono Boost)  
  23  1:59  Adept x2  
  23  2:00  Mothership Core (Chrono Boost)  
  29  2:02  Warp Gate (Chrono Boost)  
  29  2:08  Pylon  
  29  2:26  Stalker x2  
  33  2:50  Nexus  
  33  2:53  Probe  
  27  3:05  Stalker  
  34  3:11  Stalker  
  38  3:17  Pylon  
  38  3:29  Robotics Facility  
  38  3:35  Probe  
  39  3:48  Probe  
  40  3:55  Stalker x2  
  44  4:00  Probe  
  45  4:12  Probe  
  42  4:18  Immortal (Chrono Boost)  
  42  4:24  Stalker  
  46  4:25  Stalker  
  48  4:32  Pylon  
  48  4:47  Stalker  
  48  4:49  Stalker  
  52  4:57  Immortal (Chrono Boost)  
  52  4:58  Probe  
  52  4:59  Probe  
  58  5:11  Stalker  
  58  5:13  Stalker  
  62  5:15  Probe x2  
  62  5:31  Immortal (Chrono Boost)  
  66  5:36  Adept x2  
  70  5:52  Pylon  
  70  6:00  Pylon  
  70  6:10  Probe  
  70  6:11  Stalker, Immortal (Chrono Boost)  
  75  6:16  Probe  
  78  6:20  Pylon, Sentry  
  78  6:22  Probe  
  81  6:27  Probe  
  78  6:36  Stalker  
  78  6:37  Mothership Core  
  52  6:47  Stalker  
  43  7:01  Stalker  
  43  7:06  Gateway  
Tags
 
Add a new tag
Caveats
  • Supply blocks, unpowered buildings, or Contaminate may cause inaccurate times.
  • Supply counts are checked every 10 seconds.